 Dungeon Crawl Stone Soup version 0.17-a0-2231-gd80ca38 (webtiles) character file.

2688 M4edhros the Covert (level 9, -8/63 HPs)
             Began as an Octopode Artificer on Oct 29, 2015.
             Mangled by an ice beast (9 damage)
             ... on level 7 of the Dungeon.
             The game lasted 00:13:43 (5181 turns).

M4edhros the Covert (Octopode Artificer)            Turns: 5181, Time: 00:13:44

Health: -8/63      AC:  1    Str: 15    XL:     9   Next: 64%
Magic:  13/13      EV:  5    Int: 15    God:
Gold:   199        SH:  0    Dex: 15    Spells: 0 memorised, 8 levels left

rFire  . . .     SeeInvis .     k - +7 whip
rCold  . . .     Clarity  .     j - +2 large shield {rPois}
rNeg   . . .     SustAt   .     (helmet restricted)
rPois  +         Gourm    .     m - amulet of resist corrosion
rElec  .         Spirit   .     p - +5 ring of strength
rCorr  +         Warding  .     (no ring)
rMut   .         Stasis   .     (no ring)
MR     .....                    (no ring)
Stlth  ++++++....               (no ring)
                                (no ring)
                                (no ring)
                                (no ring)

@: held, not resistant to hostile enchantments, very stealthy
A: almost no armour, amphibious, 8 rings, constrict 8, tentacle spike 1,
camouflage 1, mutation resistance 1, poison resistance, robust 1, gelatinous
body 1
a: no special abilities


You were on level 7 of the Dungeon.
You were not hungry.

You visited 1 branch of the dungeon, and saw 8 of its levels.
You also visited: Sewer.

You collected 199 gold pieces.

Inventory:

Hand Weapons
 a - a +0 short sword
 f - a +0 hunting sling
 k - a +7 whip (weapon)
 n - a cursed -2 dagger
 w - a +0 blowgun
 A - a +1 whip of electrocution
Missiles
 x - 60 poisoned needles
Armour
 j - a +2 large shield of poison resistance (worn)
Rods
 o - a +2 rod of destruction (14/14)
   (You found it on level 5 of the Dungeon)
Jewellery
 m - an amulet of resist corrosion (around mantle)
 p - a +5 ring of strength (left tentacle)
Wands
 b - a wand of flame (8)
 c - a wand of enslavement (0)
 d - a wand of random effects (9)
 r - a wand of frost (17)
 t - a wand of digging (8)
Scrolls
 g - a scroll of enchant armour {unknown}
 s - a scroll of remove curse {unknown}
 u - a scroll of teleportation {unknown}
 y - a scroll of fear {unknown}
Potions
 q - a potion of heal wounds
Comestibles
 e - 8 bread rations
 i - 2 meat rations
 B - a royal jelly


   Skills:
 + Level 4.2 Fighting
 - Level 1.0 Short Blades
 + Level 4.5 Maces & Flails
 + Level 4.2 Dodging
 * Level 10.0 Stealth
 * Level 6.0 Shields
 + Level 6.2 Evocations


You had 8 spell levels left.
You didn't know any spells.

Dungeon Overview and Level Annotations

Branches:
Dungeon (8/15)             Temple (0/1) D:7
   Lair: D:8-11

Altars:
Trog
Zin

Shops:
D:7 [

Annotations:
D:4 Sagrath01's ghost, weakling GrWz


Innate Abilities, Weirdness & Mutations

You cannot wear most types of armour.
You are amphibious.
You can wear up to eight rings at the same time.
You can use your tentacles to constrict eight enemies at once.
Your skin changes colour to match your surroundings (Stealth).
Your rubbery body absorbs attacks (AC +1).
One of your tentacles bears a spike.
You are somewhat resistant to further mutation.
Your system is resistant to poisons.
You are robust (+10% HP).


Message History

Drink which item? (? for menu, Esc to quit)
Okay, then.
Evoke which item? (* to show all) (? for menu, Esc to quit)
Zapping:
d - a wand of random effects (10)
Press: ? - help, Shift-Dir - straight line, f - gnoll
Aim: a gnoll, wielding a club (severely wounded, constricted by you)
The gnoll shaman seems to speed up.
This wand has 9 charges left.
You constrict the gnoll.
You kill the gnoll!
The gnoll shaman hits you with a whip!
The gnoll hits you from afar with a halberd!
* * * LOW HITPOINT WARNING * * *
The gnoll barely misses you. The gnoll hits you!
* * * LOW HITPOINT WARNING * * *
The gnoll hits you with a whip.
* * * LOW HITPOINT WARNING * * *
The ice beast hits you.
* * * LOW HITPOINT WARNING * * *
The ice beast freezes you!
You die...

#.....#..#.#..#.._
#.#####..#.#..#....
#......).#.##.#
#######.......#
........)#.##.#
#######.##...#######
#)####.#8...8# #.#
#.#...(g#
#.###.####.#.)@gg#
#..........#.gYg.#
#####.####.#.⌠.⌠.#
#..<...#.#.....#
#.#)...#.#.⌠.⌠.#
#........#.....#
##.......#..>..#
#≈#######.....#. #.#


You could see an ice beast, a gnoll shaman and 4 gnolls.

Vanquished Creatures
  Pikel (D:6)
  A komodo dragon (D:5)
  Eustachio (D:6)
  2 ice beasts
  Duvessa (D:7)
  An ogre (D:5)
  Purgy (Sewer)
  2 sky beasts (D:7)
  A slave (D:6)
  A phantom (D:5)
  A big kobold (D:7)
  2 giant frogs
  Dowan (D:7)
  A giant frog zombie (D:7)
  A giant frog skeleton (D:6)
  A crimson imp (D:6)
  3 orc wizards
  2 iguanas
  2 orc priests (D:7)
  2 hounds (D:7)
  2 jellies
  A centaur skeleton (D:5)
  2 worker ants
  A hound skeleton (D:6)
  9 gnolls
  6 adders
  An ooze (D:5)
  An adder skeleton (D:5)
  7 giant geckos
  9 orcs
  2 bats
  5 giant cockroaches
  3 goblins
  12 jackals
  13 kobolds
  2 quokkas
  5 giant newts
  A quokka skeleton (D:5)
  7 rats
117 creatures vanquished.

Vanquished Creatures (collateral kills)
  An ogre (D:5)
1 creature vanquished.

Vanquished Creatures (others)
  A centaur (D:6)
  A crimson imp (D:6)
  A worker ant (D:4)
  A hound zombie (D:6)
  A giant gecko (D:4)
  A jackal (D:1)
6 creatures vanquished.

Grand Total: 124 creatures vanquished

Notes
Turn   | Place    | Note
--------------------------------------------------------------
     0 | D:1      | M4edhros the Octopode Artificer began the quest for the Orb.
     0 | D:1      | Reached XP level 1. HP: 13/13 MP: 3/3
    86 | D:1      | Reached XP level 2. HP: 11/18 MP: 4/4
   692 | D:2      | Reached XP level 3. HP: 20/23 MP: 5/5
   704 | D:2      | Reached skill level 1 in Shields
   840 | D:4      | Reached skill level 4 in Stealth
   840 | D:4      | Reached XP level 4. HP: 12/28 MP: 6/6
  1127 | D:4      | Noticed Sagrath01's ghost (weakling GrWz)
  1162 | D:3      | Reached XP level 5. HP: 15/33 MP: 8/8
  1168 | D:3      | Reached skill level 1 in Maces & Flails
  1631 | D:5      | Entered Level 5 of the Dungeon
  1631 | D:5      | Noticed a phantom
  1668 | D:5      | Identified a +2 rod of destruction (14/14) (You found it on level 5 of the Dungeon)
  1926 | D:5      | Noticed an ogre
  1932 | D:5      | Killed an ogre
  1932 | D:5      | Reached skill level 5 in Stealth
  1932 | D:5      | Reached XP level 6. HP: 38/38 MP: 9/9
  1936 | D:5      | Noticed an ice beast
  1938 | D:5      | Noticed an ogre
  1985 | D:5      | Killed an ogre
  2018 | D:5      | Killed an ice beast
  2018 | D:5      | Reached skill level 6 in Stealth
  2018 | D:5      | Reached XP level 7. HP: 16/44 MP: 10/10
  2239 | D:5      | Found a bloodstained altar of Trog.
  2268 | D:5      | Killed a phantom
  2922 | D:6      | Reached skill level 5 in Evocations
  3011 | D:6      | Noticed a troll
  3015 | D:6      | Noticed a komodo dragon
  3015 | D:6      | a troll changed into a komodo dragon
  3104 | D:6      | Found a glowing drain.
  3121 | D:6      | Reached skill level 7 in Stealth
  3198 | D:6      | Reached XP level 8. HP: 22/51 MP: 11/11
  3204 | Sewer    | Entered a sewer
  3418 | Sewer    | Noticed Purgy
  3425 | Sewer    | Killed Purgy
  3633 | D:6      | Noticed Pikel
  3649 | D:6      | Killed Pikel
  3649 | D:6      | Reached skill level 8 in Stealth
  3840 | D:6      | Noticed Eustachio
  3955 | D:5      | Killed a komodo dragon
  3955 | D:5      | Reached skill level 9 in Stealth
  3955 | D:5      | Reached skill level 5 in Shields
  3955 | D:5      | Reached XP level 9. HP: 34/57 MP: 13/13
  4075 | D:6      | Killed Eustachio
  4478 | D:7      | Noticed Dowan
  4479 | D:7      | Noticed Duvessa
  4485 | D:7      | Killed Dowan
  4559 | D:7      | Killed Duvessa
  4627 | D:7      | Found a glowing silver altar of Zin.
  4634 | D:7      | Found Wenaz's Armour Boutique.
  4673 | D:7      | Found a staircase to the Ecumenical Temple.
  4834 | D:7      | Reached skill level 10 in Stealth
  4852 | D:7      | Gained mutation: You are robust (+10% HP). [mutagenic meat]
  4853 | D:7      | Gained mutation: Your system is resistant to poisons. [mutagenic meat]
  4854 | D:7      | Gained mutation: You are somewhat resistant to further mutation. [mutagenic meat]
  4855 | D:7      | Gained mutation: One of your tentacles bears a spike. [mutagenic meat]
  5181 | D:7      | HP: 3/63 [gnoll/whip (2)]
  5181 | D:7      | HP: 1/63 [ice beast (2)]
  5181 | D:7      | Mangled by an ice beast

Vault maps used:
D:1:      grunt_arrival_crossed_arrows
D:2:      tgw_xom
D:3:      amethyst_overflow_temple_binary, uniq_robin, uniq_iyjb
D:4:      first_bread, nicolae_ru_the_path_less_chosen
D:5:      bloody_trog
D:6:      gup_sewer_entry_glass, uniq_pikel, uniq_eustachio
D:7:      minmay_temple_entry_from_below_b, serial_shops, shop_fountains,
          basic_altar, uniq_duvessa
D:8:      marbit_many_paths, serial_shops, nicolae_shop_crystal,
          grunt_ogre_cave, minmay_misc_feat_doors
Sewer:    kennysheep_door_sewer

Action                   |  1- 3 |  4- 6 |  7- 9 || total
-------------------------+-------+-------+-------++-------
Melee: Short sword       |    30 |       |       ||    30
       Whip              |    23 |    22 |   207 ||   252
       Rod               |       |     6 |       ||     6
Evoke: Wand              |     6 |    13 |     9 ||    28
       Rod               |       |     4 |       ||     4
  Use: Scroll            |     3 |     1 |       ||     4
       Potion            |       |     5 |     7 ||    12
 Stab: Sleeping          |     8 |     2 |    11 ||    21
       Distracted        |       |       |     2 ||     2
  Eat: Chunk             |       |     3 |    11 ||    14
       Meat ration       |       |       |     1 ||     1
       Pizza             |       |       |     1 ||     1
